PIO (24 & UNDER)
SURREY SINNERS @ SASKATOON SMOKIN' GUNS
09/16/2025
 
TOP OF THE 1ST
Surrey Sinners batting - Pitching for Saskatoon Smokin' Guns : RHP Daniel Casey
Pitching: RHP Daniel Casey
Batting: RHB Clarence Harrison 0-0: Ground out 1-3 (Groundball, 13)
Batting: RHB Jesús Lara 0-0: Foul Ball, location: 2F
0-1: Ball
1-1: Swinging Strike
1-2: Strikes out swinging
Batting: RHB Víctor Arredondo 0-0: Called Strike
0-1: Called Strike
0-2: Strikes out looking
Top of the 1st over - 0 run(s), 0 hit(s), 0 error(s), 0 left on base; Surrey 0 - Saskatoon 0
BOTTOM OF THE 1ST
Saskatoon Smokin' Guns batting - Pitching for Surrey Sinners : RHP Juan Rojas
Pitching: RHP Juan Rojas
Batting: RHB Xavier López 0-0: Ball
1-0: Foul Ball, location: 2F
1-1: Bunt missed!
1-2: Strikes out looking
Batting: SHB Michael Miller 0-0: Fly out, F7 (Flyball, 7M)
Batting: LHB José Liñares 0-0: Fly out, F8 (Flyball, 8RM)
Bottom of the 1st over - 0 run(s), 0 hit(s), 0 error(s), 0 left on base; Surrey 0 - Saskatoon 0
TOP OF THE 2ND
Surrey Sinners batting - Pitching for Saskatoon Smokin' Guns : RHP Daniel Casey
Batting: RHB Ramón Molina 0-0: Ball
1-0: Ball
2-0: Ball
3-0: Foul Ball, location: 2F
3-1: SINGLE (Line Drive, 34D)
Batting: RHB Augusto Trevino 0-0: Called Strike
0-1: Called Strike
0-2: Ball
1-2: Strikes out swinging
Batting: RHB Don Jackson 0-0: Foul Ball, location: 2F
0-1: Foul Ball, location: 2F
0-2: Foul Ball, location: 2F
0-2: Ball
1-2: Ball
2-2: Foul Ball, location: 2F
2-2: Strikes out swinging
Batting: RHB Clint Younger 0-0: Swinging Strike
0-1: Ball
1-1: Ball
2-1: Fly out, F9 (Flyball, 89D)
Top of the 2nd over - 0 run(s), 1 hit(s), 0 error(s), 1 left on base; Surrey 0 - Saskatoon 0
BOTTOM OF THE 2ND
Saskatoon Smokin' Guns batting - Pitching for Surrey Sinners : RHP Juan Rojas
Batting: LHB Raúl Casillán 0-0: Ball
1-0: Ball
2-0: Ball
3-0: Base on Balls
Batting: LHB Russell Peck 0-0: Ball
1-0: SINGLE (Groundball, 5D)
Raúl Casillán to second
Batting: RHB Peter Bryant 0-0: Called Strike
0-1: Called Strike
0-2: Strikes out swinging
Batting: RHB Zack Flint 0-0: Ball
1-0: Foul Ball, location: 2F
1-1: Foul Ball, location: 2F
1-2: Strikes out swinging
Batting: RHB César Rodríguez 0-0: Foul Ball, location: 2F
0-1: Ball
1-1: Foul Ball, location: 2F
1-2: Strikes out looking
Bottom of the 2nd over - 0 run(s), 1 hit(s), 0 error(s), 2 left on base; Surrey 0 - Saskatoon 0
TOP OF THE 3RD
Surrey Sinners batting - Pitching for Saskatoon Smokin' Guns : RHP Daniel Casey
Batting: LHB José Blanco 0-0: Called Strike
0-1: Foul Ball, location: 2F
0-2: Foul Ball, location: 2F
0-2: Ball
1-2: Strikes out looking
Batting: RHB Shawn Gutiérrez 0-0: Foul Ball, location: 2F
0-1: Foul Ball, location: 2F
0-2: Foul Ball, location: 2F
0-2: Ball
1-2: Ball
2-2: Ball
3-2: Foul Ball, location: 2F
3-2: Strikes out swinging
Batting: RHB Clarence Harrison 0-0: Ball
1-0: Ball
2-0: Called Strike
2-1: Called Strike
2-2: Foul Ball, location: 2F
2-2: Ground out 4-3 (Groundball, 34)
Top of the 3rd over - 0 run(s), 0 hit(s), 0 error(s), 0 left on base; Surrey 0 - Saskatoon 0
BOTTOM OF THE 3RD
Saskatoon Smokin' Guns batting - Pitching for Surrey Sinners : RHP Juan Rojas
Batting: LHB Bo Rush 0-0: Ball
1-0: Ball
2-0: Ground out 4-3 (Groundball, 4)
Batting: RHB Xavier López 0-0: SINGLE (Line Drive, 7LS)
Batting: SHB Michael Miller 0-0: Ball
1-0: Grounds into double play, 4-6-3 (Groundball, 4M)
Bottom of the 3rd over - 0 run(s), 1 hit(s), 0 error(s), 0 left on base; Surrey 0 - Saskatoon 0
TOP OF THE 4TH
Surrey Sinners batting - Pitching for Saskatoon Smokin' Guns : RHP Daniel Casey
Batting: RHB Jesús Lara 0-0: Ground out 6-3 (Groundball, 6)
Batting: RHB Víctor Arredondo 0-0: Fly out, F8 (Flyball, 8RS)
Batting: RHB Ramón Molina 0-0: Swinging Strike
0-1: Ball
1-1: Foul Ball, location: 2F
1-2: Strikes out swinging
Top of the 4th over - 0 run(s), 0 hit(s), 0 error(s), 0 left on base; Surrey 0 - Saskatoon 0
BOTTOM OF THE 4TH
Saskatoon Smokin' Guns batting - Pitching for Surrey Sinners : RHP Juan Rojas
Batting: LHB José Liñares 0-0: Foul Ball, location: 2F
0-1: Ball
1-1: Ball
2-1: Swinging Strike
2-2: Foul Ball, location: 2F
2-2: Strikes out swinging
Batting: LHB Raúl Casillán 0-0: Ground out 3-1 (Groundball, 34)
Batting: LHB Russell Peck 0-0: Ball
1-0: SINGLE (Line Drive, 7S)
Batting: RHB Peter Bryant 0-0: Called Strike
0-1: Ball
1-1: SINGLE (Line Drive, 8RS)
Russell Peck to second
Batting: RHB Zack Flint 0-0: Called Strike
0-1: 3-RUN HOME RUN (Flyball, 7D), Distance : 423 ft
Batting: RHB César Rodríguez 0-0: Ground out 6-3 (Groundball, 6MS)
Bottom of the 4th over - 3 run(s), 3 hit(s), 0 error(s), 0 left on base; Surrey 0 - Saskatoon 3
TOP OF THE 5TH
Surrey Sinners batting - Pitching for Saskatoon Smokin' Guns : RHP Daniel Casey
Batting: RHB Augusto Trevino 0-0: Ground out 6-3 (Groundball, 6)
Batting: RHB Don Jackson 0-0: Called Strike
0-1: Ball
1-1: Fly out, F3 (Popup, 3D)
Batting: RHB Clint Younger 0-0: Ball
1-0: Ball
2-0: Ball
3-0: Called Strike
3-1: DOUBLE (Flyball, 89D)
Batting: LHB José Blanco 0-0: Called Strike
0-1: Swinging Strike
0-2: Strikes out swinging
Top of the 5th over - 0 run(s), 1 hit(s), 0 error(s), 1 left on base; Surrey 0 - Saskatoon 3
BOTTOM OF THE 5TH
Saskatoon Smokin' Guns batting - Pitching for Surrey Sinners : RHP Juan Rojas
Batting: LHB Bo Rush 0-0: Foul Ball, location: 2F
0-1: Ball
1-1: Foul Ball, location: 2F
1-2: Foul Ball, location: 2F
1-2: Foul Ball, location: 2F
1-2: DOUBLE (Line Drive, 89M)
Batting: RHB Xavier López 0-0: Fly out, F8 (Flyball, 8LM)
Batting: SHB Michael Miller 0-0: Foul Ball, location: 2F
0-1: Ball
1-1: Ball
2-1: Fly out, F8 (Flyball, 8LM)
Batting: LHB José Liñares 0-0: Called Strike
0-1: Ball
1-1: Foul Ball, location: 2F
1-2: Ground out 1-3 (Groundball, 15)
Bottom of the 5th over - 0 run(s), 1 hit(s), 0 error(s), 1 left on base; Surrey 0 - Saskatoon 3
TOP OF THE 6TH
Surrey Sinners batting - Pitching for Saskatoon Smokin' Guns : RHP Daniel Casey
Batting: RHB Shawn Gutiérrez 0-0: Called Strike
0-1: Ball
1-1: Foul Ball, location: 2F
1-2: Strikes out looking
Batting: RHB Clarence Harrison 0-0: Foul Ball, location: 2F
0-1: Ball
1-1: Ball
2-1: Foul Ball, location: 2F
2-2: Strikes out swinging
Batting: RHB Jesús Lara 0-0: Called Strike
0-1: Ball
1-1: Ball
2-1: Ball
3-1: Base on Balls
Batting: RHB Víctor Arredondo 0-0: Ball
1-0: SINGLE (Line Drive, 6D)
Jesús Lara to second
Batting: RHB Ramón Molina 0-0: Ball
1-0: Foul Ball, location: 2F
1-1: Foul Ball, location: 2F
1-2: Fly out, F8 (Flyball, 8RS)
Top of the 6th over - 0 run(s), 1 hit(s), 0 error(s), 2 left on base; Surrey 0 - Saskatoon 3
BOTTOM OF THE 6TH
Saskatoon Smokin' Guns batting - Pitching for Surrey Sinners : RHP Juan Rojas
Batting: LHB Raúl Casillán 0-0: SINGLE (Groundball, 4MD)
Batting: LHB Russell Peck 0-0: Ball
1-0: Grounds into double play, 4-6-3 (Groundball, 4)
Batting: RHB Peter Bryant 0-0: DOUBLE (Line Drive, 7LM)
Batting: RHB Zack Flint 0-0: Ball
1-0: Swinging Strike
1-1: Foul Ball, location: 2F
1-2: Ball
2-2: Fly out, F8 (Flyball, 8LXD)
Bottom of the 6th over - 0 run(s), 2 hit(s), 0 error(s), 1 left on base; Surrey 0 - Saskatoon 3
TOP OF THE 7TH
Surrey Sinners batting - Pitching for Saskatoon Smokin' Guns : RHP Daniel Casey
Pitching: LHP Dawson Sutton
Batting: RHB Augusto Trevino 0-0: Hit by Pitch
Batting: RHB Don Jackson 0-0: Called Strike
0-1: Foul Ball, location: 2F
0-2: Strikes out swinging
Batting: RHB Clint Younger 0-0: Ball
1-0: Ball
2-0: Called Strike
2-1: Foul Ball, location: 2F
2-2: SINGLE (Groundball, 5D) (infield hit)
Augusto Trevino to second
Batting: LHB José Blanco 0-0: Ball
1-0: Ball
Augusto Trevino steals 3rd base
Clint Younger to second
2-0: Foul Ball, location: 2F
2-1: Foul Ball, location: 2F
2-2: Ground out 5-3 (Groundball, 56)
Augusto Trevino scores
Batting: RHB Shawn Gutiérrez 0-0: Ball
1-0: Ground out 6-3 (Groundball, 6M)
Top of the 7th over - 1 run(s), 1 hit(s), 0 error(s), 1 left on base; Surrey 1 - Saskatoon 3
BOTTOM OF THE 7TH
Saskatoon Smokin' Guns batting - Pitching for Surrey Sinners : RHP Juan Rojas
Batting: RHB César Rodríguez 0-0: Called Strike
0-1: DOUBLE (Line Drive, 5L)
Batting: LHB Bo Rush 0-0: Intentional Walk
Batting: RHB Xavier López 0-0: Ball
1-0: Called Strike
1-1: Bunted foul
1-2: Foul Ball, location: 2F
1-2: Ball
Wild Pitch!
César Rodríguez to third
Bo Rush to second
2-2: Ball
3-2: Intentional Walk
Pinch Hitting: LHB Carlos Perneta 0-0: Called Strike
0-1: SINGLE (Line Drive, 56)
César Rodríguez scores
Bo Rush to third
Xavier López to second
Batting: LHB José Liñares 0-0: Foul Ball, location: 2F
0-1: Ball
1-1: Fly out, F2 (Popup, 2LF)
Pitching: LHP Henry Brown
Batting: LHB Raúl Casillán 0-0: Called Strike
0-1: Swinging Strike
0-2: Strikes out swinging
Batting: LHB Russell Peck 0-0: Swinging Strike
0-1: Foul Ball, location: 2F
0-2: Foul Ball, location: 2F
0-2: Strikes out looking
Bottom of the 7th over - 1 run(s), 2 hit(s), 0 error(s), 3 left on base; Surrey 1 - Saskatoon 4
TOP OF THE 8TH
Surrey Sinners batting - Pitching for Saskatoon Smokin' Guns : LHP Dawson Sutton
Now at SS: Carlos Perneta
Batting: RHB Clarence Harrison 0-0: Foul Ball, location: 2F
0-1: Ball
1-1: Called Strike
1-2: Ball
2-2: Ball
3-2: Foul Ball, location: 2F
3-2: Foul Ball, location: 2F
3-2: Fly out, F8 (Flyball, 8RM)
Batting: RHB Jesús Lara 0-0: Called Strike
0-1: Ball
1-1: Ball
2-1: Foul Ball, location: 2F
2-2: Foul Ball, location: 2F
2-2: Ball
3-2: Foul Ball, location: 2F
3-2: Strikes out swinging
Batting: RHB Víctor Arredondo 0-0: Ball
1-0: Foul Ball, location: 2F
1-1: Foul Ball, location: 2F
1-2: Ball
2-2: Ball
3-2: Foul Ball, location: 2F
3-2: Ground out 5-3 (Groundball, 5)
Top of the 8th over - 0 run(s), 0 hit(s), 0 error(s), 0 left on base; Surrey 1 - Saskatoon 4
BOTTOM OF THE 8TH
Saskatoon Smokin' Guns batting - Pitching for Surrey Sinners : LHP Henry Brown
Batting: RHB Peter Bryant 0-0: Ball
1-0: Ground out 5-3 (Groundball, 56S)
Batting: RHB Zack Flint 0-0: Ball
1-0: Foul Ball, location: 2F
1-1: Swinging Strike
1-2: Strikes out swinging
Batting: RHB César Rodríguez 0-0: Called Strike
0-1: SINGLE (Line Drive, 7S)
Batting: LHB Bo Rush 0-0: Hit by Pitch
César Rodríguez to second
Pitching: RHP Santiago Ugalde
Batting: RHB Xavier López 0-0: Called Strike
0-1: Fielders Choice at 2nd, 6-4 (Groundball, 6)
Bottom of the 8th over - 0 run(s), 1 hit(s), 0 error(s), 1 left on base; Surrey 1 - Saskatoon 4
TOP OF THE 9TH
Surrey Sinners batting - Pitching for Saskatoon Smokin' Guns : LHP Dawson Sutton
Pitching: RHP Melvin Hicks
Batting: RHB Ramón Molina 0-0: Ball
1-0: Ball
2-0: Called Strike
2-1: Ball
3-1: Base on Balls
Batting: RHB Augusto Trevino 0-0: SINGLE (Groundball, 56D) (infield hit)
Ramón Molina to second
Pinch Hitting: RHB Cooper Richard 0-0: Grounds into double play, 5-4-3 (Groundball, 5)
Ramón Molina to third
Batting: RHB Clint Younger 0-0: Ball
1-0: Foul Ball, location: 2F
1-1: Foul Ball, location: 2F
1-2: Ball
2-2: Ball
3-2: Strikes out swinging
Top of the 9th over - 0 run(s), 1 hit(s), 0 error(s), 1 left on base; Surrey 1 - Saskatoon 4
This league is powered by Out of the Park Baseball, the baseball management simulation game for PC, Mac and Linux
Tuesday, August 2nd, 2016 - OOTP Baseball 16.8 Build 38